 Dungeon Sprint DCSS version 0.31-a0-408-gb642c7f9a3 (webtiles) character file.

Game seed: 1800899759244676476

6 zazu2006 the Covert (level 1, -1/25 HPs)
             Began as a Gnoll Wanderer on July 29, 2023.
             Slain by a gnoll sergeant
             ... wielding a +0 spear
              (14 damage)
             ... in the Dungeon (Sprint IX: "|||||||||||||||||||||||||||||").
             The game lasted 00:00:26 (54 turns).

zazu2006 the Covert (Gnoll Wanderer)                  Turns: 54, Time: 00:00:27

Health: -1/25      AC:  3    Str: 11    XL:     1   Next: 90%
Magic:  2/2        EV: 11    Int:  8    God:
Gold:   0          SH:  0    Dex: 14    Spells: 2/2 levels left

rFire   . . .        a - +0 dagger
rCold   . . .        (no shield)
rNeg    . . .        g - +0 leather armour
rPois   .            (no helmet)
rElec   .            (no cloak)
rCorr   .            (no gloves)
SInv    .            (no boots)
Will    .....        (no amulet) Stlth
                     (no ring)
HPRegen 0.24/turn    (no ring)
MPRegen 0.08/turn

%: no teleportation
@: berserking, very quick
A: fangs 1, strong nose, distributed training
a: no special abilities


You were in the Dungeon.
You visited 1 branch

Inventory:

Hand Weapons
 a - a +0 dagger (weapon)
 d - a +0 spear
Missiles
 b - 2 atropa-tipped darts (quivered)
 c - a datura-tipped dart
Armour
 g - a +0 leather armour (worn)
Scrolls
 l - a scroll of blinking
Potions
 f - 2 potions of curing
 h - a potion of heal wounds
 i - a potion of haste
 j - 2 potions of magic
Miscellaneous
 e - a piece from Xom's chessboard (15/15)


   Skills:
 + Level 2.7 Fighting
 + Level 1.0 Short Blades
 + Level 1.0 Long Blades
 + Level 1.0 Axes
 + Level 1.0 Maces & Flails
 + Level 2.7 Polearms
 + Level 1.0 Staves
 + Level 1.0 Ranged Weapons
 + Level 1.0 Throwing
 + Level 2.7 Armour
 + Level 1.0 Dodging
 + Level 9.6 Stealth
 + Level 1.0 Shields
 + Level 1.0 Unarmed Combat
 + Level 1.0 Spellcasting
 + Level 0.7 Conjurations
 + Level 0.7 Hexes
 + Level 0.7 Summonings
 + Level 0.7 Necromancy
 + Level 0.7 Translocations
 + Level 0.7 Transmutations
 + Level 0.7 Fire Magic
 + Level 0.7 Ice Magic
 + Level 0.7 Air Magic
 + Level 0.7 Earth Magic
 + Level 0.7 Poison Magic
 + Level 2.7 Invocations
 + Level 2.7 Evocations
 + Level 0.7 Shapeshifting


You had 2 spell levels left.
You didn't know any spells.
Your spell library was empty.

Dungeon Overview and Level Annotations

Branches:
Dungeon (1/1)

Altars:


Innate Abilities, Weirdness & Mutations

You have very sharp teeth.
Your uncanny sense of smell can sniff out nearby items.
Your experience applies equally to all skills.


Message History

Things that are here:
a hobgoblin corpse; a ball python corpse You hit the bat but do no damage.
The bat barely misses you. The bat hits you but does no damage.
The bat hits you but does no damage. The bat hits you.
You closely miss the bat. The bat completely misses you.
The bat closely misses you.
You hit the bat.
The bat is moderately wounded.
The bat hits you but does no damage. x2
You closely miss the bat.
The bat is moderately wounded.
The bat hits you but does no damage. The bat hits you.
You barely miss the bat. Your bite misses the bat.
The bat is moderately wounded.
The bat barely misses you.
You hit the bat.
The bat is severely wounded.
The bat barely misses you. The bat closely misses you.
The bat hits you but does no damage.
You barely miss the bat.
The bat is severely wounded.
The bat barely misses you.
You hit the bat but do no damage. Your bite misses the bat.
The bat is severely wounded.
The bat barely misses you. The bat closely misses you.
You hit the bat.
You kill the bat!
You start resting.
HP restored.
You open the door.
A gnoll sergeant, a jelly, an adder, a scorpion and an orc come into view.
A red film seems to cover your vision as you go berserk!
You feel yourself moving faster!
You feel mighty!
The jelly quivers.
The orc shouts!
The gnoll sergeant hits you from afar with a +0 spear!
You feel a strong urge to attack something.
The gnoll sergeant hits you with a +0 spear!
Ouch! That really hurt!
You die...

∆∆∆∆∆∆∆∆∆
▓▓▓▓▓▓▓▓▓▓▓▓▓▓▓▓▓▓
▓<...'.†...@gJsSo+
▓▓▓▓▓▓▓▓▓▓▓▓▓▓▓▓▓▓


You could see a gnoll sergeant, a scorpion, a jelly, an adder and an orc.

Vanquished Creatures
  A ball python (D)
  2 bats (D)
  An endoplasm (D)
  A hobgoblin (D)
5 creatures vanquished.

Notes
Turn   | Place    | Note
-------+----------+-------------------------------------------
     0 | D        | Reached skill level 9 in Stealth
     0 | D        | zazu2006 the Gnoll Wanderer began the quest for the Orb.
     0 | D        | zazu2006 set off with the following items: a +0 dagger, 2
                  | atropa-tipped darts, a datura-tipped dart, a +0 spear, a
                  | piece from Xom's chessboard (15/15), 2 potions of curing, a
                  | +0 leather armour, a potion of heal wounds, a potion of
                  | haste, 2 potions of magic, a potion of berserk rage, a
                  | scroll of blinking.
     0 | D        | Reached XP level 1. HP: 17/17 MP: 2/2
    35 | D        | Reached skill level 1 in Short Blades
    35 | D        | Reached skill level 1 in Long Blades
    35 | D        | Reached skill level 1 in Axes
    35 | D        | Reached skill level 1 in Maces & Flails
    35 | D        | Reached skill level 1 in Staves
    35 | D        | Reached skill level 1 in Ranged Weapons
    35 | D        | Reached skill level 1 in Throwing
    35 | D        | Reached skill level 1 in Dodging
    35 | D        | Reached skill level 1 in Shields
    35 | D        | Reached skill level 1 in Unarmed Combat
    35 | D        | Reached skill level 1 in Spellcasting
    52 | D        | Noticed a gnoll sergeant
    52 | D        | Noticed a jelly
    52 | D        | Noticed a scorpion
    54 | D        | Slain by a gnoll sergeant

Illustrated notes

Levels and vault maps discovered:
D:        linesprint [early_d, line_temple, items_1, d_10, items_2, lair_1,
          lair_end, items_3, orc_1, orc_end, items_4, d_15, swamp_1, shoals_1,
          snake_1, spider_1, d_20, vaults_1, items_5, swamp_end, shoals_end,
          snake_end, spider_end, vaults_end, d_27, items_6, zot_1, zot_end,
          crypt_end, forest_end, elf_end, slime_end, tomb_end, abyss_end,
          pan_hell_end]

Skill      XL: |  1 |
---------------+----+-----
Stealth        | |  9.6
Short Blades   | 1 |  1.0
Long Blades    | 1 |  1.0
Axes           | 1 |  1.0
Maces & Flails | 1 |  1.0
Staves         | 1 |  1.0
Ranged Weapons | 1 |  1.0
Throwing       | 1 |  1.0
Dodging        | 1 |  1.0
Shields        | 1 |  1.0
Unarmed Combat | 1 |  1.0
Spellcasting   | 1 |  1.0
Fighting       | |  2.7
Polearms       | |  2.7
Armour         | |  2.7
Conjurations   | |  0.7
Hexes          | |  0.7
Summonings     | |  0.7
Necromancy     | |  0.7
Translocations | |  0.7
Transmutations | |  0.7
Fire Magic     | |  0.7
Ice Magic      | |  0.7
Air Magic      | |  0.7
Earth Magic    | |  0.7
Poison Magic   | |  0.7
Invocations    | |  2.7
Evocations     | |  2.7
Shapeshifting  | |  0.7

Action                     || total
---------------------------++-------
  Melee: Dagger            ||    41
         Bite              ||     4
    Use: Potion            ||     1
   Stab: Sleeping          ||     1
 Armour: Leather armour    ||    22
  Dodge: Dodged            ||    40

Table legend: (Time is in decaauts)
 A = Elapsed time spent in this place.
 B = Non-inter-level travel time spent in this place.
 C = Inter-level travel time spent in this place.
 D = Time resting spent in this place.
 E = Time spent auto-exploring this place.
 F = Levels seen in this place.
 G = Mean time per level.
                   A        B        C        D        E       F      G
               +--------+--------+--------+--------+--------+-----+--------+
         Total |     52 |     52 |      0 |      0 |      3 |   1 |   52.0 |
       Dungeon |     52 |     52 |      0 |      0 |      3 |   1 |   52.0 |
               +--------+--------+--------+--------+--------+-----+--------+

Top non-repeatable levels by time:
       D: 52 daAuts
